 Dungeon Crawl Stone Soup version 0.26-a0-541-g3b3d21e777 (webtiles) character file.

Game seed: 15528296241938687912

142 BeastOfSaturn the Skirmisher (level 5, -10/42 HPs)
             Began as a Demonspawn Fighter on Aug 16, 2020.
             Blown up by Ijyb (27 damage)
             ... with a disintegration bolt
             ... on level 3 of the Dungeon.
             The game lasted 00:02:54 (1974 turns).

BeastOfSaturn the Skirmisher (Demonspawn Fighter)   Turns: 1974, Time: 00:02:55

Health: -10/42     AC: 14    Str: 16    XL:     5   Next: 3%
Magic:  0/5        EV:  2    Int: 17    God:
Gold:   170        SH:  8    Dex: 12    Spells: 4/4 levels left

rFire    + . .     SeeInvis .   a - +0 long sword
rCold    x . .     Faith    .   c - +0 kite shield
rNeg     . . .     Spirit   +   f - +0 plate armour
rPois    .         Reflect  .   r - +0 helmet
rElec    .         Harm     .   (no cloak)
rCorr    .                      (no gloves)
MR       .....                  (no boots)
Stlth    ..........             h - amulet of guardian spirit
HPRegen  0.14/turn              q - +6 ring of intelligence
MPRegen  0.09/turn              v - ring of fire

@: mighty
A: slimy green scales 1, spiny 1
a: no special abilities


You were on level 3 of the Dungeon.
You visited 1 branch of the dungeon, and saw 3 of its levels.

You collected 170 gold pieces.

Inventory:

Hand Weapons
 a - a +0 long sword (weapon)
Armour
 b - a +0 scale mail
 c - a +0 kite shield (worn)
 f - a +0 plate armour (worn)
 r - a +0 helmet (worn)
Jewellery
 h - an amulet of guardian spirit (around neck)
 j - an uncursed ring of ice
 q - a +6 ring of intelligence (left hand)
 v - a ring of fire (right hand)
Wands
 w - a wand of flame (11)
Scrolls
 g - 3 scrolls of magic mapping {unknown}
 k - a scroll of fog {unknown}
 n - 6 scrolls of teleportation {unknown}
 p - 2 scrolls of remove curse {unknown}
Potions
 e - 3 potions of heal wounds {unknown}
 i - 2 potions of degeneration {unknown}
 l - a potion of lignification {unknown}
 m - 2 potions of curing {unknown}
 o - 2 potions of cancellation {unknown}
 s - a potion of mutation {unknown}
 t - a potion of invisibility {unknown}
 u - a potion of flight {unknown}


   Skills:
 * Level 4.0 Fighting
 * Level 3.5 Long Blades
 - Level 3.0 Armour
 * Level 1.2 Dodging
 - Level 2.6 Shields


You had 4 spell levels left.
You didn't know any spells.
Your spell library was empty.

Dungeon Overview and Level Annotations

Branches:
Dungeon (3/15)

Altars:
Nemelex Xobeh
Sif Muna

Annotations:
D:3 Ijyb


Innate Abilities, Weirdness & Mutations

You are partially covered in slimy green scales. (AC +2)
You are partially covered in sharp spines.


Message History

Ijyb screams, "Level is mine!
All mine!"
Ijyb barely misses you.
You riposte.
You closely miss Ijyb. You closely miss Ijyb.
Ijyb zaps a wand.
You barely resist. You hit Ijyb.
Ijyb is lightly wounded.
You block Ijyb's attack.
Ijyb zaps a wand.
You are blasted!
Ouch! That really hurt!
You are too injured to fight recklessly!
You are too injured to fight recklessly!
You feel very mighty all of a sudden. You block Ijyb's attack.
You are too injured to fight recklessly!
You are too injured to fight recklessly!
You are too injured to fight recklessly!
You are too injured to fight recklessly!
You slash Ijyb!
Ijyb is heavily wounded.
Ijyb zaps a wand.
You are blasted!
Ouch! That really hurt!
You die...

###..........
...........
.........
....... .....
... #g# #@#
####)#######
#..........#
#...[......#
#..........#
#..........# #.
#..........#
#.##..........#
#..#..........#


You could see Ijyb.

Vanquished Creatures
  Jessica (D:3)
  4 adders
  A worm (D:2)
  3 dart slugs (D:1)
  2 leopard geckos (D:1)
  2 orcs (D:3)
  9 bats
  5 giant cockroaches
  9 goblins
  7 hobgoblins
  4 jackals (D:3)
  7 kobolds
  A quokka (D:3)
  A ball python (D:1)
  A frilled lizard (D:2)
  6 rats
63 creatures vanquished.

Notes
Turn   | Place    | Note
-------+----------+-------------------------------------------
     0 | D:1      | BeastOfSaturn the Demonspawn Fighter began the quest for
                  | the Orb.
     0 | D:1      | Reached XP level 1. HP: 18/18 MP: 1/1
   287 | D:1      | Gained mutation: You are partially covered in sharp spines.
                  | [demonic ancestry]
   287 | D:1      | Reached XP level 2. HP: 22/24 MP: 2/2
   611 | D:1      | Reached XP level 3. HP: 29/29 MP: 3/3
  1267 | D:2      | Found a shimmering blue altar of Sif Muna.
  1340 | D:2      | Reached XP level 4. HP: 37/37 MP: 4/4
  1426 | D:2      | Reached skill level 1 in Dodging
  1731 | D:3      | Found a sparkling altar of Nemelex Xobeh.
  1796 | D:3      | Reached skill level 4 in Fighting
  1940 | D:3      | Noticed Jessica
  1944 | D:3      | Killed Jessica
  1944 | D:3      | Gained mutation: You are partially covered in slimy green
                  | scales. (AC +2) [demonic ancestry]
  1944 | D:3      | Reached XP level 5. HP: 42/42 MP: 5/5
  1960 | D:3      | Noticed Ijyb
  1974 | D:3      | Blown up by Ijyb

Illustrated notes

Levels and vault maps discovered:
D:1:      nzn_arrival_depleted_hourglass, layout_basic, dk_noncrumbling_4,
          glass_columns_c
D:2:      layout_rooms, led_sif_pool
D:3:      layout_basic, lemuel_doored_altar, uniq_jessica, uniq_ijyb

Skill      XL: |  1  2  3  4 |
---------------+-------------+-----
Armour         | 3 |  3.0
Long Blades    | 2 3 |  3.5
Dodging        | 1 |  1.2
Fighting       | 4 |  4.0
Shields        | |  2.6

Action                   |  1- 3 |  4- 6 || total
-------------------------+-------+-------++-------
Melee: Long sword        |   113 |    68 ||   181
  Use: Potion            |       |     1 ||     1
Armor: Scale mail        |     7 |       ||     7
       Plate armour      |    50 |    41 ||    91
Dodge: Dodged            |    16 |     9 ||    25
Block: Kite shield       |    74 |    31 ||   105
       Rpst.: Long sword |     2 |     5 ||     7

Table legend: (Time is in decaauts)
 A = Elapsed time spent in this place.
 B = Non-inter-level travel time spent in this place.
 C = Inter-level travel time spent in this place.
 D = Time resting spent in this place.
 E = Time spent auto-exploring this place.
 F = Levels seen in this place.
 G = Mean time per level.
                   A        B        C        D        E       F      G
               +--------+--------+--------+--------+--------+-----+--------+
         Total |   2038 |   2013 |     25 |      0 |   1566 |   3 |  679.3 |
       Dungeon |   2038 |   2013 |     25 |      0 |   1566 |   3 |  679.3 |
               +--------+--------+--------+--------+--------+-----+--------+

Top non-repeatable levels by time:
     D:1: 1004 daAuts
     D:2: 666 daAuts
     D:3: 367 daAuts
